Map: Radhuset Station LE

Players

LOMA

  • Race: Terran Terran
  • League: Diamond
  • Spawn Location: 7:00

SubN - Winner!

  • Race: Zerg Zerg
  • League: Diamond
  • Spawn Location: 1:00

VOD

Have the link to the VOD?

Description

Time

  • Played on: Dec. 17, 2023, 1:34 p.m.
  • Length: 3:50
Show
View Real Time Build Order
Export as new Build Order

LOMA Terran 

Build Orders: Reaper Expand 

Get SALT Encoding   

  12  0:00  SCV  
  13  0:12  SCV  
  14  0:17  Supply Depot  
  14  0:24  SCV  
  15  0:39  Barracks, SCV  
  16  0:45  Refinery  
  16  0:52  SCV  
  17  1:04  SCV  
  18  1:17  SCV  
  19  1:27  Reaper  
  19  1:31  Orbital Command  
  20  1:42  Command Center  
  20  1:54  Barracks  
  20  1:58  SCV  
  21  2:02  Barracks Reactor  
  21  2:09  Supply Depot  
  21  2:12  SCV  
  22  2:18  Refinery  
  22  2:35  Factory  
  22  2:50  Barracks Tech Lab  
  22  2:53  SCV  
  22  2:57  Marine x2  
  24  3:10  Bunker  
  24  3:11  Marine  
  25  3:13  Bunker  
  25  3:25  Hellion  
Show
View Real Time Build Order
Export as new Build Order

SubN Zerg - Winner!

Build Orders: Pool First 

Get SALT Encoding   

  12  0:00  Drone  
  13  0:09  Drone  
  13  0:13  Extractor  
  13  0:28  Spawning Pool  
  12  0:59  Hatchery  
  11  1:15  Queen  
  13  1:30  Metabolic Boost  
  14  1:40  Zergling x2  
  14  1:55  Overlord  
  14  2:11  Queen  
  14  2:12  Zergling x6  
  19  2:17  Zergling x2  
  20  2:24  Zergling x2  
  20  2:26  Zergling x2  
  22  2:31  Zergling x2  
  22  2:53  Drone x4  
  26  3:01  Drone x2  
  28  3:12  Overlord  
  27  3:30  Drone x6  
Tags
 
Add a new tag
Caveats
  • Supply blocks, unpowered buildings, or Contaminate may cause inaccurate times.
  • Supply counts are checked every 10 seconds.